cohdb
Replays
Latest Replays
All Replays
Popular Replays
Top Player Replays
Match Explorer
How It Works
Community
CoH3 Stats
Reddit
Sign in to upload your games and track your stats! →
Sign in with Steam
Match 43673302
Unlisted
Match 43673302
Overview
Messages
Build Orders
End
Vickers Machine Gun Team
Construct Section Command Post
Dingo Light Scout Car
Infantry Section
Infantry Section
Construct Platoon Command Post
Selects Indian Artillery Battlegroup
Selects Valour
Grenade Package
CMP 15cwt Truck
Infantry Section
Selects Gurkha Rifles Section
6-pounder Anti-tank Gun Team
Unlock Bishop Self-propelled Artillery
Vickers Machine Gun Team
6-pounder Anti-tank Gun Team
Selects Artillery Saturation
Selects Off-map Airburst Barrage
Off-map Airburst Barrage
Bishop Self-propelled Artillery
Selects Perimeter Monitor
Construct Company Command Post
Selects Pillage
Selects Pillage
Unlock M3 Grant Medium Tanks
AI Takeover
Agent Smith
Robin Da Hood
DrewP
Dillbro
0
0
Comments
sign in to comment!
No comments posted yet!